 Dungeon Crawl Stone Soup version 0.27-a0-899-ge2d0b17 (webtiles) character file.

Game seed: 6112895585088064417

6815 Nithhogg the Carver (level 10, -1/80 HPs)
             Began as a Demonspawn Fighter on Apr 5, 2021.
             Was a Follower of Makhleb.
             Succumbed to a kobold brigand's poison
             ... on level 9 of the Dungeon.
             The game lasted 00:17:21 (11238 turns).

Nithhogg the Carver (Demonspawn Fighter)           Turns: 11238, Time: 00:17:22

Health: -1/80      AC: 17    Str: 19    XL:     10   Next: 77%
Magic:  12/14      EV: 13    Int: 11    God:    Makhleb [*.....]
Gold:   552        SH:  0    Dex: 12    Spells: 9/9 levels left

rFire    + . .     SeeInvis .   d - +4 demon blade (vamp)
rCold    . . .     Faith    .   (no shield)
rNeg     . . .     Spirit   +   B - +0 acid dragon scales
rPois    .         Reflect  .   (no helmet)
rElec    .         Harm     .   (no cloak)
rCorr    +         Rampage  .   (no gloves)
Will     .....                  (no boots)
Stlth    +.........             g - amulet of guardian spirit
HPRegen  0.00/turn              A - +4 ring of protection
MPRegen  0.14/turn              y - ring of protection from fire

@: lethally poisoned (-1 -> -7), sanguine armoured, studying Polearms
A: talons 2, demonic guardian 1, powered by death 1, sanguine armour 1, claws 1,
inhibited regeneration, evolution 1
a: Renounce Religion


You were on level 9 of the Dungeon.
You worshipped Makhleb.
Makhleb was aware of your devotion.
You visited 2 branches of the dungeon, and saw 10 of its levels.

You collected 552 gold pieces.

Inventory:

Hand Weapons
 a - a +0 long sword
 d - a +4 vampiric demon blade (weapon)
 p - a +2 short sword of flaming
Missiles
 n - a throwing net
 o - a curare-tipped dart
 x - a boomerang of dispersal
Armour
 b - a +1 scale mail
 c - a +0 kite shield
 B - +0 acid dragon scales (worn)
Jewellery
 g - an amulet of guardian spirit (around neck)
 y - a ring of protection from fire (right claw)
 A - a +4 ring of protection (left claw)
Wands
 l - a wand of polymorph (8)
 z - a wand of iceblast (6)
Scrolls
 j - 2 scrolls of noise
 k - a scroll of enchant weapon
 m - a scroll of amnesia
 q - a scroll of fog
 t - 3 scrolls of identify
Potions
 e - a potion of resistance
 i - a potion of mutation
 r - a potion of cancellation


   Skills:
 + Level 7.8 Fighting
 * Level 9.5 Long Blades
 + Level 7.0 Armour
 + Level 6.4 Dodging
 - Level 2.6 Shields
 + Level 5.7 Invocations


You had 9 spell levels left.
You didn't know any spells.
Your spell library contained the following spells:

 Spells                   Type           Power      Damage    Failure   Level
 Animate Skeleton         Necr           0%         N/A       41%         1
 Apportation              Tloc           0%         N/A       41%         1
 Corona                   Hex            0%         N/A       41%         1
 Summon Small Mammal      Summ           0%         N/A       41%         1
 Call Imp                 Summ           0%         N/A       56%         2
 Call Canine Familiar     Summ           0%         N/A       80%         3
 Confusing Touch          Hex            0%         N/A       80%         3
 Gell's Gravitas          Tloc           0%         N/A       80%         3
 Summon Guardian Golem    Hex/Summ       0%         N/A       80%         3
 Petrify                  Tmut/Erth      0%         N/A       99%         4
 Summon Ice Beast         Ice/Summ       0%         N/A       99%         4
 Summon Lightning Spire   Summ/Air       0%         N/A       99%         4
 Metabolic Englaciation   Hex/Ice        0%         N/A       100%        5
 Yara's Violent Unravell  Hex/Tmut       0%         3d3       100%        5


Dungeon Overview and Level Annotations

Branches:
Dungeon (9/15)             Temple (1/1) D:7
   Lair: D:8-11         Orc: D:9-12

Altars:
Ashenzari
Cheibriados
Dithmenos
Elyvilon
Fedhas
Gozag
Hepliaklqana
Kikubaaqudgha
Makhleb
Nemelex Xobeh
Okawaru
Qazlal
Ru
Sif Muna
Trog
Uskayaw
Vehumet
Wu Jian
Xom
Yredelemnul
Zin
The Shining One

Shops:
D:1 (   D:2 (   D:3 *   D:9 (

Annotations:
D:2 weapon shops


Innate Abilities, Weirdness & Mutations

You have razor-sharp toenails.
A weak demonic guardian rushes to your aid.
You regenerate a little health from kills.
When seriously injured, your bleeding wounds create armour. (AC +6)
You have sharp fingernails.
You do not regenerate when monsters are visible.
You evolve.


Message History

Reactivating autopickup.
You start to feel less resistant.
The kobold brigand throws a poisoned dart.
The poisoned dart closely misses your ufetubus.
The poisoned dart hits you!
The shadow slips into darkness.
The shadow flickers and vanishes!
Deactivating autopickup; reactivate with Ctrl-A.
It was a potion of magic.
Magic courses through your body.
The kobold brigand throws a poisoned dart.
The poisoned dart completely misses your ufetubus.
The poisoned dart barely misses you.
It was a potion of flight.
You feel very buoyant.
You fly up into the air.
The shadow strikes at you from the darkness!
* * * LOW HITPOINT WARNING * * *
Reactivating autopickup.
It was a potion of cancellation.
Your magical effects are unravelling.
You feel magically purged.
You float gracefully downwards.
You feel a little less clever now.
Your resistance to elements expires.
Your ufetubus barely misses the shadow. x2; The shadow hits you.
It was a potion of mutation.
You feel extremely strange.
You feel nature experimenting on you.
Don't worry, failures die fast.
Your regeneration stops near monsters.
Your fingernails lengthen.
Your ufetubus hits the shadow.
Your ufetubus closely misses the shadow.
Your ufetubus barely misses the shadow.
Your ufetubus hits the shadow but does no damage.
The shadow slips into darkness.
The shadow flickers and vanishes!
Deactivating autopickup; reactivate with Ctrl-A.
Okay, then.
The shadow strikes at your ufetubus from the darkness!
Your ufetubus dies!
The kobold brigand throws a poisoned dart.
The poisoned dart hits you.
You are lethally poisoned!
You die...

..#...+..........#....#..........
..#...#..........'....#..........
+######..........####'####'#####.
...........#####...............#.
...........# #...............##
...........# #.................
...........# #.................
...........# #.................
...........# #@..............K.
...........# #..............K..
...........# ##..........K...K..
######'#####..#.{......########..
..............#$.......# #..
......∩.....>.#........# #..
..............#........# ###
.####...#######....K.K.#########.
.# #...# ###.....K........#.


You could see 2 kobolds.

Vanquished Creatures
  A two-headed ogre (D:7)
  A skeletal warrior (D:8)
  A troll (D:7)
  Eustachio (D:5)
  5 yaks (D:8)
  3 wyverns
  A steam dragon (D:8)
  Menkaure (D:5)
  An acid dragon (D:9)
  5 water moccasins
  2 sky beasts
  An orc warrior (D:9)
  2 black bears
  An ogre (D:4)
  5 necrophages
  2 centaurs (D:6)
  A kobold brigand (D:6)
  3 bullfrogs
  A gnoll sergeant (D:8)
  2 scorpions (D:4)
  6 killer bees
  8 wights
  An electric eel (D:8)
  2 howler monkeys (D:9)
  5 hounds
  2 bullfrog zombies
  4 jellies
  A gnoll shaman (D:9)
  3 iguanas (D:6)
  A scorpion zombie (D:5)
  A hound zombie (D:5)
  A hound skeleton (D:2)
  7 gnolls
  8 adders
  A white imp (D:7)
  2 adder skeletons
  3 dart slugs
  2 worms
  10 orcs
  4 ball pythons
  3 endoplasms
  6 goblins
  8 hobgoblins
  2 jackals (D:5)
  6 quokkas
  8 bats
  A frilled lizard (D:1)
  12 kobolds
  3 rats
161 creatures vanquished.

Vanquished Creatures (collateral kills)
  A yak (D:8)
  An acid dragon (D:9)
  An ogre (D:5)
  A wight (D:8)
  A white imp (D:5)
  An ufetubus (D:4)
  A kobold (D:9)
7 creatures vanquished.

Grand Total: 168 creatures vanquished

Notes
Turn   | Place    | Note
-------+----------+-------------------------------------------
     0 | D:1      | Nithhogg the Demonspawn Fighter began the quest for the
                  | Orb.
     0 | D:1      | Reached XP level 1. HP: 18/18 MP: 1/1
    31 | D:1      | Found Taimouth's Antique Weapon Emporium.
   199 | D:1      | Reached skill level 2 in Long Blades
   422 | D:1      | Gained mutation: You have sharp toenails. [demonic
                  | ancestry]
   422 | D:1      | Reached XP level 2. HP: 19/24 MP: 2/2
  1301 | D:2      | Reached XP level 3. HP: 25/29 MP: 3/3
  1415 | D:2      | Reached skill level 1 in Dodging
  1417 | D:2      | Found Laskon's Antique Weapon Shop.
  1535 | D:2      | Gained mutation: A weak demonic guardian rushes to your
                  | aid. [demonic ancestry]
  1535 | D:2      | Reached XP level 4. HP: 18/35 MP: 4/4
  2214 | D:3      | Reached skill level 3 in Long Blades
  2647 | D:3      | Found Quek's General Store.
  2964 | D:4      | Noticed a necrophage
  2971 | D:4      | Noticed a scorpion
  2976 | D:4      | Killed a necrophage
  2977 | D:4      | Gained mutation: You regenerate a little health from kills.
                  | [demonic ancestry]
  2977 | D:4      | Reached XP level 5. HP: 38/42 MP: 5/5
  3438 | D:4      | Reached XP level 6. HP: 48/48 MP: 6/6
  3602 | D:4      | Reached skill level 4 in Long Blades
  3962 | D:4      | Found a hazy altar of Hepliaklqana.
  3964 | D:4      | Found a sparkling altar of Nemelex Xobeh.
  4299 | D:4      | Found a basalt altar of Yredelemnul.
  4498 | D:5      | Entered Level 5 of the Dungeon
  4520 | D:4      | Reached XP level 7. HP: 29/55 MP: 3/7
  4732 | D:5      | Reached skill level 5 in Long Blades
  4939 | D:5      | Found a shimmering altar of Xom.
  4992 | D:5      | Noticed Menkaure
  4998 | D:5      | Killed Menkaure
  5061 | D:5      | Found a broken altar of Ashenzari.
  5102 | D:5      | Noticed Eustachio
  5327 | D:4      | Identified a scroll of acquirement
  5327 | D:4      | Acquired a +4 vampiric demon blade
  5490 | D:5      | Killed Eustachio
  5491 | D:5      | Reached skill level 5 in Fighting
  5491 | D:5      | Reached XP level 8. HP: 43/62 MP: 5/8
  5714 | D:6      | Found a shimmering blue altar of Sif Muna.
  5908 | D:6      | Reached skill level 6 in Long Blades
  6456 | D:6      | Reached skill level 5 in Armour
  6541 | D:6      | Reached skill level 7 in Long Blades
  6551 | D:6      | Gained mutation: You have razor-sharp toenails. [demonic
                  | ancestry]
  6551 | D:6      | Reached XP level 9. HP: 36/69 MP: 4/9
  7080 | D:7      | Found a staircase to the Ecumenical Temple.
  7095 | Temple   | Entered the Ecumenical Temple
  7368 | Temple   | Became a worshipper of Makhleb the Destroyer
  7903 | D:7      | Noticed a two-headed ogre
  7907 | D:7      | Killed a two-headed ogre
  7908 | D:7      | Reached skill level 5 in Dodging
  8448 | D:8      | Reached skill level 8 in Long Blades
  8571 | D:8      | Noticed a troll
  8816 | D:7      | Killed a troll
  8964 | D:8      | Gained mutation: When seriously injured, your bleeding
                  | wounds create armour. (AC +6) [demonic ancestry]
  8964 | D:8      | Reached XP level 10. HP: 79/79 MP: 12/12
  9018 | D:8      | Noticed a skeletal warrior
  9042 | D:8      | Killed a skeletal warrior
 10050 | D:9      | Reached skill level 9 in Long Blades
 10331 | D:8      | Reached skill level 5 in Invocations
 10550 | D:9      | Reached * piety under Makhleb
 10559 | D:9      | Found Uliujero's Antique Weapon Shop.
 11229 | D:9      | HP: 1/80 [something (14)]
 11234 | D:9      | Gained mutation: You evolve. [potion of mutation]
 11234 | D:9      | Gained mutation: You do not regenerate when monsters are
                  | visible. [potion of mutation]
 11234 | D:9      | Gained mutation: You have sharp fingernails. [potion of
                  | mutation]
 11238 | D:9      | Succumbed to a kobold brigand's poison

Illustrated notes

Levels and vault maps discovered:
D:1:      minmay_arrival_jagged, layout_basic, serial_shops, shop
D:2:      layout_loops_ring, serial_shops, nicolae_shop_window_shopping,
          serial_undead, serial_undead_b, serial_undead_d, serial_undead_e,
          serial_undead_c
D:3:      layout_loops_ring, serial_shops, shop, minmay_misc_feat_chi,
          minmay_randomly_rotated_circles
D:4:      layout_basic, nicolae_overflow_hidden_temple
D:5:      layout_cave_pools, marbit_many_paths, kennysheep_mini_moat,
          uniq_eustachio, uniq_menkaure
D:6:      minmay_bubble_buster, layout_loops_ring, zin_academy,
          lemuel_coloured_pillars_altar
D:7:      layout_basic, minmay_temple_entry_statues, serial_park_tiny_pond,
          chequers_serial_rivers_room_a
D:8:      layout_basic, minmay_manual_mandibuliform
D:9:      layout_gridville, serial_shops, shop, uniq_maggie
Temple:   regret_index_temple_generic_petals

Skill      XL: |  1  2  3  4  5  6  7  8  9 10 |
---------------+-------------------------------+-----
Long Blades    | 2 3 4 5 7 8 9 |  9.5
Armour         | 3 4 5 6 7 |  7.0
Dodging        | 1 2 3 4 5 6 |  6.4
Fighting       | 4 5 6 7 |  7.8
Invocations    | 3 5 |  5.7
Shields        | |  2.6

Action                   |  1- 3 |  4- 6 |  7- 9 | 10-12 || total
-------------------------+-------+-------+-------+-------++-------
Melee: Long sword        |    84 |    32 |       |       ||   116
       Kick              |    10 |    31 |    51 |    53 ||   145
       Short sword       |       |    83 |    43 |       ||   126
       Demon blade       |       |       |   153 |   130 ||   283
Throw: Boomerang         |       |       |     2 |       ||     2
       Throwing net      |       |       |     1 |       ||     1
Evoke: Wand              |       |     9 |     8 |     4 ||    21
  Use: Scroll            |       |       |    10 |     3 ||    13
       Potion            |       |       |     2 |    12 ||    14
 Stab: Distracted        |       |       |       |     1 ||     1
Armor: Scale mail        |    55 |    54 |    98 |    50 ||   257
       Acid dragon scale |       |       |       |    17 ||    17
Dodge: Dodged            |    45 |    67 |   122 |   116 ||   350
       Rpst.: Long sword |    17 |    10 |       |       ||    27
       Demon blade       |       |       |    27 |    37 ||    64

Table legend: (Time is in decaauts)
 A = Elapsed time spent in this place.
 B = Non-inter-level travel time spent in this place.
 C = Inter-level travel time spent in this place.
 D = Time resting spent in this place.
 E = Time spent auto-exploring this place.
 F = Levels seen in this place.
 G = Mean time per level.
                   A        B        C        D        E       F      G
               +--------+--------+--------+--------+--------+-----+--------+
         Total |  11249 |  10917 |    332 |   2065 |   7392 |  10 | 1124.9 |
       Dungeon |  10858 |  10552 |    306 |   1909 |   7199 |   9 | 1206.4 |
        Temple |    391 |    365 |     26 |    156 |    193 |   1 |  391.0 |
               +--------+--------+--------+--------+--------+-----+--------+

Top non-repeatable levels by time:
     D:4: 1625 daAuts
     D:7: 1578 daAuts
     D:8: 1387 daAuts
     D:6: 1224 daAuts
     D:1: 1186 daAuts
     D:2: 1043 daAuts
     D:3: 1036 daAuts
     D:9: 944 daAuts
     D:5: 832 daAuts
  Temple: 391 daAuts
